 Dungeon Crawl Stone Soup version 0.25.0-11-g1f837a76a1 (webtiles) character file.

Game seed: 8845510531952854332

309 Esekla the Chopper (level 6, 0/56 HPs)
             Began as a Deep Dwarf Chaos Knight on June 26, 2020.
             Was a Plaything of Xom.
             Slain by Pikel
             ... wielding a +1 whip of flaming
              (3 damage)
             ... on level 6 of the Dungeon.
             The game lasted 00:11:29 (1308 turns).

Esekla the Chopper (Deep Dwarf Chaos Knight)        Turns: 1308, Time: 00:11:30

Health: 0/56       AC:  7    Str: 18    XL:     6   Next: 17%
Magic:  6/6        EV: 12    Int: 12    God:    Xom [....*.]
Gold:   80         SH:  0    Dex: 12    Spells: 6/7 levels left

rFire    . . .     SeeInvis .   a - +0 hand axe (chaos)
rCold    . . .     Gourm    .   (no shield)
rNeg     . . .     Faith    .   b - +2 leather armour
rPois    .         Spirit   .   (no helmet)
rElec    .         Reflect  .   (no cloak)
rCorr    .         Harm     .   (no gloves)
MR       .....                  j - +1 pair of boots
Stlth    ++........             (no amulet)
HPRegen  0.00/turn              (no ring)
MPRegen  0.10/turn              (no ring)

@: non-regenerating
A: damage resistance, heal wounds, sense surroundings 1, no regeneration
a: Heal Wounds, Renounce Religion


You were on level 6 of the Dungeon.
You worshipped Xom.
You were a beloved toy of Xom.
You were hungry.

You visited 1 branch of the dungeon, and saw 7 of its levels.

You collected 80 gold pieces.

Inventory:

Hand Weapons
 a - a +0 hand axe of chaos (weapon)
 d - a +0 spear
 l - a +0 war axe
Armour
 b - a +2 leather armour (worn)
 j - a +1 pair of boots (worn)
Scrolls
 e - a scroll of remove curse {unknown}
 h - a scroll of amnesia {unknown}
 i - a scroll of random uselessness {unknown}
 m - a scroll of identify {unknown}
Potions
 f - 2 potions of mutation {unknown}
 g - a potion of haste {unknown}
 k - a potion of magic {unknown}
 n - a potion of might {unknown}
 o - 2 potions of invisibility {unknown}
Comestibles
 c - 4 rations
 p - a chunk of flesh


   Skills:
 + Level 3.2 Fighting
 * Level 5.5 Axes
 * Level 3.1 Armour
 * Level 2.3 Dodging
 + Level 2.0 Stealth
 * Level 1.1 Spellcasting
 * Level 1.7 Translocations


You had 6 spell levels left.
You knew the following spells:

 Your Spells              Type           Power        Failure   Level  Hunger
a - Apportation           Tloc           #.....       19%         1    ##.....

Your spell library contained the following spells:

 Spells                   Type           Power        Failure   Level  Hunger
 Animate Skeleton         Necr           N/A          34%         1    ##.....
 Corona                   Hex            #......      34%         1    ##.....
 Summon Small Mammal      Summ           #...         34%         1    ##.....


Dungeon Overview and Level Annotations

Branches:
Dungeon (7/15)
 Temple: D:4-7

Altars:
Sif Muna
Xom

Annotations:
D:3 Grinder
D:6 Pikel


Innate Abilities, Weirdness & Mutations

You are resistant to damage.
You can heal yourself by infusing magical energy.
You passively map a small area around you.
You do not regenerate.


Message History

You hit the adder zombie.
The adder zombie is almost destroyed.
You completely miss something. Something hits you but does no damage.
The adder zombie bites you.
You miss something. You hit the adder zombie. You burn the adder zombie.
Something hits you!
* * * LOW HITPOINT WARNING * * *
Something burns you.
* * * LOW HITPOINT WARNING * * *
The adder zombie closely misses you. Something hits you.
* * * LOW HITPOINT WARNING * * *
Something burns you.
You hit the adder zombie.
You destroy the adder zombie!
You barely miss something. Something hits you but does no damage.
You fail to use your ability.
Something hits you.
* * * LOW HITPOINT WARNING * * *
Something burns you. Something hits you.
You die...
Xom is highly amused!

* * * , *
* * , ####
* , ..# ,,
*#.# #≈# *
#†# , * *
#######.#
..pppp{@##
#
.######..#
*#.### ,
#..#
#......
#..#
.......,
#<.#
#.#.###
#..# * #,
#.(# *, ,
#$.# *
#..#


You could see 4 slaves.

Vanquished Creatures
  A sky beast (D:6)
  A bullfrog (D:7)
  A bullfrog zombie (D:5)
  An orc wizard (D:4)
  An iguana (D:4)
  A worker ant (D:4)
  A worker ant zombie (D:5)
  An adder zombie (D:6)
  3 dart slugs
  A leopard gecko (D:4)
  5 orcs
  2 giant cockroaches (D:2)
  A goblin (D:2)
  2 jackals (D:3)
  2 quokkas (D:7)
  2 bats (D:2)
  A frilled lizard (D:4)
27 creatures vanquished.

Notes
Turn   | Place    | Note
-------+----------+-------------------------------------------
     0 | D:1      | Esekla the Deep Dwarf Chaos Knight began the quest for the
                  | Orb.
     0 | D:1      | Reached XP level 1. HP: 20/20 MP: 1/1
    52 | D:2      | XOM: potion effect (berserk rage)
    54 | D:2      | Reached XP level 2. HP: 27/27 MP: 2/2
   134 | D:3      | Noticed Grinder
   136 | D:3      | Noticed Grinder
   136 | D:3      | Grinder changed into Grinder the iron imp
   136 | D:3      | XOM: polymorph Grinder -> Grinder the iron imp
   137 | D:3      | XOM: summons 2 hostile shadow creatures
   160 | D:4      | Reached skill level 4 in Axes
   160 | D:4      | Reached XP level 3. HP: 14/33 MP: 2/2
   169 | D:4      | Learned a level 1 spell: Apportation
   291 | D:5      | Entered Level 5 of the Dungeon
   315 | D:5      | XOM: enchant monster (bad)
   326 | D:5      | Reached XP level 4. HP: 36/42 MP: 3/3
   333 | D:5      | Found a shimmering blue altar of Sif Muna.
   371 | D:4      | XOM: 1-stop teleportation journey
   385 | D:4      | XOM: noise
   389 | D:4      | Reached skill level 1 in Stealth
   758 | D:4      | XOM: silly message
   789 | D:4      | Reached skill level 1 in Translocations
   789 | D:4      | Reached XP level 5. HP: 40/49 MP: 4/4
  1076 | D:6      | Noticed an ice beast
  1112 | D:7      | XOM: enchant monster (bad)
  1132 | D:7      | Reached skill level 5 in Axes
  1140 | D:7      | Found a shimmering altar of Xom.
  1190 | D:6      | Noticed a slave
  1218 | D:6      | XOM: swap monsters
  1227 | D:6      | XOM: 1-stop teleportation journey
  1228 | D:6      | Noticed a sky beast
  1231 | D:6      | XOM: confusion
  1235 | D:6      | XOM: confusion
  1255 | D:6      | XOM: summons 3 hostile demons
  1260 | D:6      | Killed a sky beast
  1260 | D:6      | Reached skill level 1 in Spellcasting
  1260 | D:6      | Reached XP level 6. HP: 35/56 MP: 6/6
  1276 | D:6      | Noticed Pikel
  1277 | D:6      | Noticed a slave
  1277 | D:6      | Noticed a slave
  1279 | D:6      | Noticed a slave
  1308 | D:6      | Slain by Pikel

Illustrated notes

Levels and vault maps discovered:
D:1:      psy_arrival_spokes, layout_basic
D:2:      layout_loops_ring, okawaru_gym_becter, old_standard_altar,
          first_ration, serial_forest, infiniplex_forest_3_way,
          infiniplex_forest_straight_2, infiniplex_forest_clump_double,
          infiniplex_forest_clump_large, infiniplex_forest_lined_2,
          infiniplex_forest_fountain, infiniplex_forest_pool
D:3:      wander_river, layout_basic, lemuel_doored_altar, minmay_ogre_servants,
          uniq_grinder, uniq_natasha, uniq_jessica
D:4:      layout_layer_cave
D:5:      layout_gridville, lemuel_coloured_pillars_altar,
          nicolae_underground_beach
D:6:      layout_loops_ring, marbit_many_paths, temple_hall, uniq_pikel,
          uniq_sigmund
D:7:      layout_rooms, kennysheep_little_box, overflow_temple_1_default,
          lemuel_round_altar, lemuel_round_altar, basic_altar, uniq_duvessa

Skill      XL: |  1  2  3  4  5 |
---------------+----------------+-----
Axes           | 4 5 |  5.5
Fighting       | 3 |  3.2
Stealth        | 1 2 |  2.0
Translocations | 1 |  1.7
Dodging        | 2 |  2.3
Armour         | 3 |  3.1
Spellcasting   | 1 |  1.1

Action                   |  1- 3 |  4- 6 || total
-------------------------+-------+-------++-------
Melee: Hand axe          |    35 |   111 ||   146
 Abil: Heal Wounds       |     2 |     5 ||     7
 Stab: Paralysed         |     3 |       ||     3
       Petrifying        |     2 |       ||     2
       Petrified         |     2 |       ||     2
       Sleeping          |       |     1 ||     1
  Eat: Chunk             |       |     1 ||     1
Armor: Leather armour    |     8 |    73 ||    81
Dodge: Dodged            |    15 |    83 ||    98
